 Dungeon Crawl Stone Soup version bcrawl-1.27.5 (console) character file.

Game seed: 2027013194946846611

197595 FIQ the Sneak (level 6, -1/36 HPs)
             Began as a Vine Stalker Archaeologist on Aug 13, 2020.
             Slain by a goblin
             ... wielding a +0 club
             ... led by Robin
              (5 damage)
             ... on level 4 of the Dungeon.
             The game lasted 00:05:44 (2650 turns).

FIQ the Sneak (Vine Stalker Archaeologist)          Turns: 2650, Time: 00:05:45

Health: -1/36      AC:  6    Str: 20    XL:     6   Next: 47%
Magic:  16/16      EV: 20    Int: 18    God:
Gold:   124        SH:  0    Dex: 22    Spells: 5/5 levels left

rFire    . . .     SeeInvis .   m - +2 whip (freeze)
rCold    . . .     Gourm    .   (no shield)
rNeg     . . .     Faith    .   b - +1 robe
rPois    .         Spirit   .   c - +1 hat
rElec    .         Reflect  .   (no cloak)
rCorr    .         Harm     .   (no gloves)
MR       +....                  d - +1 pair of boots
Stlth    ++++++....             (no amulet)
HPRegen  0.52/turn              f - ring of the Ageless Knaves {MR+ MP+9 Int+4 Dex+4}
MPRegen  0.15/turn              r - ring of stealth

@: mighty, agile
A: fangs 3, regeneration 1, no potion heal 3, rot immunity, strong jaws
a: no special abilities


You were on level 4 of the Dungeon.
You were hungry.

You visited 1 branch of the dungeon, and saw 4 of its levels.

You collected 124 gold pieces.

Inventory:

Hand Weapons
 a - a +0 whip
 m - a +2 whip of freezing (weapon)
Armour
 b - a +1 robe (worn)
 c - a +1 hat (worn)
 d - a +1 pair of boots (worn)
Jewellery
 f - the ring of the Ageless Knaves (left hand) {MR+ MP+9 Int+4 Dex+4}
   (You acquired it on level 3 of the Dungeon)

   [ring of dexterity]

   It affects your intelligence (+4).
   It affects your dexterity (+4).
   It affects your resistance to hostile enchantments.
   It affects your magic capacity (+9).
 k - an uncursed ring of fire
 r - a ring of stealth (right hand)
Scrolls
 g - 2 scrolls of magic mapping
 h - a scroll of amnesia {unknown}
 i - a scroll of identify
 j - a scroll of fog {unknown}
 p - 3 scrolls of teleportation {unknown}
 q - 2 scrolls of enchant armour {unknown}
 t - a scroll of immolation {unknown}
 u - a scroll of fear {unknown}
Potions
 n - 3 potions of haste
Comestibles
 e - 3 rations {!d}
 l - 3 chunks of flesh


   Skills:
 + Level 2.8 Fighting
 * Level 4.1 Maces & Flails
 + Level 4.3 Dodging
 - Level 4.4 Stealth


You had 5 spell levels left.
You didn't know any spells.
Your spell library was empty.

Dungeon Overview and Level Annotations

Branches:
Dungeon (4/12)
 Temple: D:4-7

Altars:
Ashenzari
Gozag
Nemelex Xobeh

Portals:
Sewer: D:4


Innate Abilities, Weirdness & Mutations

You have razor-sharp teeth.
Your natural rate of healing is unusually fast.
Potions cannot restore your health.
You are immune to rotting.
Your bites deal extra damage.


Message History

You closely miss Robin. Robin closely misses you.
You barely miss Robin. You bite Robin, but do no damage. The goblin misses you.
Robin roars a battlecry!
The goblins go into a battle-frenzy!
You hit Robin. You freeze Robin. Your bite misses Robin.
Robin is heavily wounded.
The rat twitches its whiskers.
The goblin misses you. Robin hits you with a +0 club.
* * * LOW HITPOINT WARNING * * *
You hit Robin. You freeze Robin. Your bite misses Robin.
Robin is almost dead.
The goblin completely misses you. Robin misses you.
You barely miss Robin.
Robin is almost dead.
The goblin completely misses you.
You whack Robin! You freeze Robin.
You kill Robin!
Okay, then.
You closely miss the goblin. Your bite misses the goblin.
The goblin hits you with a +0 club.
You die...

*,,,,,,≈≈≈...,* ***,,,
*,,,,,,,...g..********,,,**
*,,,,,,,.ggg.g,,,,,,,,,##,,
*,,,,,,,*,...g#******,..,,*
********,,,*#..######.#***#
******,,>****#....#.S.# #
*,,,,,,*** ##.....#** ##
*,,,,,5########.#.### ###.
*,,,,,.[........#..#####...
*,,,,,,#####g...##.......##
*,,,,,,#rg@g>##.$....†%....
*,,,,,,#Y###########..####.
**,,,,..,,* #(## *#
*,,)..,,,* **#.# ****
**..8,8,,* **,..#**,,,
*..,<,,,* ****,.###*,,**
*.,8,8,,* *,,,.#* *,***
*******,,,,,,,*
*,,,,,****,**,
*,,,,,*,,,,,,,*
*****,,,,,,*,,
*,,,,,*,******* *****,,*⌠,
*,,,,,,,* *,,*,,


You could see an ice beast, 3 goblins and a rat.

Vanquished Creatures
  A crimson imp (D:4)
  An orc priest (D:3)
  A centaur zombie (D:3)
  2 orc wizards (D:3)
  Robin (D:4)
  A river rat (D:4)
  4 adders
  2 oozes (D:1)
  3 worms (D:2)
  A dart slug (D:1)
  2 leopard geckos (D:1)
  6 orcs (D:3)
  2 ball pythons
  6 bats
  7 giant cockroaches
  12 goblins
  10 hobgoblins
  3 jackals (D:2)
  A quokka (D:2)
  5 frilled lizards
  11 kobolds
  7 rats
89 creatures vanquished.

Notes
Turn   | Place    | Note
-------+----------+-------------------------------------------
     0 | D:1      | FIQ the Vine Stalker Archaeologist began the quest for the
                  | Orb.
     0 | D:1      | Reached XP level 1. HP: 11/11 MP: 2/2
    19 | D:1      | Reached skill level 1 in Maces & Flails
    67 | D:1      | Reached skill level 1 in Fighting
    92 | D:1      | Reached XP level 2. HP: 14/16 MP: 3/3
   277 | D:1      | Reached XP level 3. HP: 20/20 MP: 4/4
  1024 | D:2      | Reached XP level 4. HP: 20/26 MP: 5/5
  1305 | D:2      | Found a shattered altar of Ashenzari.
  1478 | D:2      | Found a faded altar of an unknown god.
  2143 | D:3      | Reached XP level 5. HP: 23/30 MP: 6/6
  2143 | D:3      | Identified a scroll of acquirement
  2146 | D:3      | Identified the ring of the Ageless Knaves {MR+ MP+9 Int+4
                  | Dex+4} (You acquired it on level 3 of the Dungeon)
  2436 | D:3      | Found an opulent altar of Gozag.
  2463 | D:3      | Found a sparkling altar of Nemelex Xobeh.
  2550 | D:3      | Gained mutation: You have razor-sharp teeth. [Vine Stalker
                  | growth]
  2550 | D:3      | Reached XP level 6. HP: 24/36 MP: 7/7
  2601 | D:4      | Found a glowing drain.
  2603 | D:4      | Noticed Robin
  2613 | D:4      | Noticed an ice beast
  2649 | D:4      | Killed Robin
  2650 | D:4      | Slain by a goblin

Skill      XL: |  1  2  3  4  5  6 |
---------------+-------------------+-----
Maces & Flails | 1 2 3 4 |  4.1
Fighting       | 1 2 |  2.8
Dodging        | 4 |  4.3
Stealth        | |  4.4

Action                   |  1- 3 |  4- 6 || total
-------------------------+-------+-------++-------
Melee: Whip              |   102 |   156 ||   258
       Bite              |     8 |     7 ||    15
  Use: Potion            |     3 |     4 ||     7
       Scroll            |       |     5 ||     5
 Stab: Sleeping          |    13 |     9 ||    22
  Eat: Chunk             |     3 |     8 ||    11
Armor: Robe              |    36 |    35 ||    71
Dodge: Dodged            |    81 |   100 ||   181
